 Dungeon Crawl Stone Soup version 0.31-a0-836-g3ceb0a68c4 (webtiles) character file.

Game seed: 7820825578266419749

170 PimpSugar the Magician (level 5, -1/5 HPs)
             Began as a Djinni Hedge Wizard on Sept 26, 2023.
             Slain by a hobgoblin (5 damage)
             ... on level 3 of the Dungeon.
             The game lasted 00:08:53 (2330 turns).

PimpSugar the Magician (Djinni Hedge Wizard)        Turns: 2330, Time: 00:08:54

Health: -1/5       AC:  1    Str: 19    XL:     5   Next: 80%
Gold:   63         EV:  8    Int: 18    God:
                   SH:  0    Dex: 12

rFire   + + .        a - melded +0 dagger
rCold   x . .        (shield currently unavailable)
rNeg    . . .        b - melded +0 robe
rPois   ∞            c - melded +0 hat
rElec   .            (cloak currently unavailable)
rCorr   .            u - melded +0 pair of gloves
SInv    .            (boots unavailable)
Will    .....        (no amulet)
Stlth   ++           (no ring)
HPRegen 0.20/turn    (no ring)
MPRegen 0.00/turn

%: infuse magic (-2 HP)
@: dragon-form, flying
A: dragon claw, dragon scales, breathe fire, flying, reduced hp, sickness
immunity, giant, (fire resistance 2), (cold vulnerability 1), float, innate
caster, HP casting, extra vitality 1
a: Breathe Fire, Begin Untransformation


You were on level 3 of the Dungeon.
You were a fearsome dragon!
You visited 1 branch of the dungeon, and saw 3 of its levels.

You collected 232 gold pieces.
You spent 169 gold pieces at shops.

Inventory:

Hand Weapons
 a - a +0 dagger (melded)
 m - a +0 sling
Missiles
 d - 2 silver javelins
 e - 7 poisoned darts
 g - 3 boomerangs
 h - 22 stones
Armour
 b - a +0 robe (melded)
 c - a +0 hat (melded)
 u - a +0 pair of gloves (melded)
Talismans
 v - a dragon-blood talisman (active)
Scrolls
 f - a scroll of acquirement {unknown}
 k - a scroll of revelation {unknown}
 l - a scroll of summoning {unknown}
 o - a scroll of immolation {unknown}
 q - 3 scrolls of blinking {unknown}
 r - a scroll of torment {unknown}
 s - a scroll of identify {unknown}
Potions
 i - 2 potions of brilliance {unknown}
 j - a potion of curing
 n - a potion of resistance {unknown}
 p - a potion of haste {unknown}


   Skills:
 + Level 2.0 Fighting
 + Level 3.2 Dodging
 + Level 2.5 Stealth
 * Level 3.7 Spellcasting
 * Level 3.7 Conjurations
 * Level 3.7 Hexes
 * Level 3.7 Summonings
 * Level 3.7 Necromancy
 * Level 3.7 Translocations
 * Level 3.7 Transmutations
 * Level 3.7 Fire Magic
 * Level 3.7 Ice Magic
 * Level 3.7 Air Magic
 * Level 3.7 Earth Magic
 * Level 3.7 Poison Magic


You knew the following spells:

 Your Spells              Type           Power      Damage    Failure   Level
a - Magic Dart            Conj           64%        1d6       3%          1
b - Call Imp              Summ           32%        N/A       4%          2
c - Mephitic Cloud        Conj/Pois/Air  16%        N/A       10%         3
d - Slow                  Hex            64%        N/A       3%          1
e - Blink                 Tloc           32%        N/A       4%          2
s - Sandblast             Erth           32%        2d9       3%          1
w - Wereblood             Tmut           16%        N/A       4%          2
Your spell library was empty.

Dungeon Overview and Level Annotations

Branches:
Dungeon (3/15)

Altars:
Zin

Shops:
D:2 !


Innate Abilities, Weirdness & Mutations

You are a fearsome dragon!
You have a powerful clawing attack.
Your giant scaled body is strong and resilient, but less evasive.
You can breathe fire.
You are flying.
Your maximum health is decreased, since you lack skill for your form.
Your armour is entirely melded.
You are incapable of wielding weapons or throwing items.
You are immune to sickness and miasma.
You are immune to poison.
((Your flesh is very heat resistant. (rF++)))
((You are vulnerable to cold. (rC-)))
You float through the air rather than walking.
You learn spells naturally, not from books.
Your magical power is your life essence.
You have superior vitality. (+4 MHP)


Message History

Something tries to affect you, but you resist.
You feel less confused. The orc attacks as it pursues you!
The orc hits you with a +0 hand axe.
Ouch! That really hurt!
The giant cockroach bites you.
* * * LOW HITPOINT WARNING * * *
You feel better. The giant cockroach bites you.
The giant cockroach attacks as it pursues you!
The giant cockroach barely misses you.
Casting: Blink (safe; 4% risk of failure)
Confirm with . or Enter, or press ? or * to list all spells.
A tiny devil pulls itself out of the air.
The giant cockroach bites you.
* * * LOW HITPOINT WARNING * * *
You swap places.
The giant cockroach bites your cerulean imp but does no damage.
Your cerulean imp hits the giant cockroach with a -3 spear.
The giant cockroach misses your cerulean imp.
Your cerulean imp hits the giant cockroach but does no damage.
The giant cockroach barely misses your cerulean imp.
The giant cockroach bites your cerulean imp but does no damage.
Your cerulean imp hits the giant cockroach but does no damage.
A hobgoblin comes into view.
The giant cockroach closely misses your cerulean imp.
Your cerulean imp hits the giant cockroach but does no damage.
You have got your breath back.
The hobgoblin shouts!
You hear a shout!
The giant cockroach bites your cerulean imp but does no damage.
Your cerulean imp barely misses the giant cockroach.
The giant cockroach completely misses your cerulean imp.
Your cerulean imp hits the giant cockroach with a -3 spear.
The giant cockroach dies!
Found 13 gold pieces.
You barely miss the hobgoblin. The hobgoblin closely misses you.
You hit the hobgoblin. You bite the hobgoblin.
The hobgoblin is almost dead.
Your cerulean imp hits the hobgoblin but does no damage.
The hobgoblin hits you.
Ouch! That really hurt!
You die...

#. ..# ...... #.# ...
..... #.#
...#######.... #.#
...... ...$. #.##
#...# #... ...# #...#
#..
...########..###.#
..og{w.........#D#
...o#######..5.g.#
...o# #####.##
....##### #.# #.#
...o....# #.###.#
........#######..##.#
........#........##.#
........#........##.#
#
........#.........#.#
.#


You could see a hobgoblin (ally target) and a friendly cerulean imp (summoned).

Vanquished Creatures
  An ogre (D:2)
  An adder (D:2)
  2 gnolls (D:2)
  An orc (D:3)
  2 ball pythons
  4 endoplasms
  3 giant cockroaches
  4 goblins
  A jackal (D:1)
  A quokka (D:1)
  2 bats
  2 kobolds
  4 rats
28 creatures vanquished.

Vanquished Creatures (collateral kills)
  2 gnolls (D:2)
  A giant cockroach (D:3)
  A hobgoblin (D:2)
  A jackal (D:1)
  2 ball pythons
  3 kobolds
  A rat (D:1)
11 creatures vanquished.

Grand Total: 39 creatures vanquished

Notes
Turn   | Place    | Note
-------+----------+-------------------------------------------
     0 | D:1      | PimpSugar the Djinni Hedge Wizard began the quest for the
                  | Orb.
     0 | D:1      | PimpSugar set off with the following spells memorised:
                  | Magic Dart, Slow, Blink, Call Imp, Mephitic Cloud.
     0 | D:1      | Reached XP level 1. HP: 15/15 MP: 0/0
   224 | D:1      | Reached XP level 2. HP: 19/22 MP: 0/0
  1061 | D:2      | Found Nalounuc's Distillery.
  1072 | D:2      | Bought a potion of curing for 39 gold pieces
  1072 | D:2      | Bought a potion of heal wounds for 65 gold pieces
  1196 | D:2      | Reached XP level 3. HP: 22/26 MP: 0/0
  1196 | D:2      | Learned a level 1 spell: Sandblast
  1344 | D:2      | Reached skill level 1 in Fighting
  1427 | D:2      | Noticed an ogre
  1434 | D:2      | Killed an ogre
  1435 | D:2      | Reached XP level 4. HP: 30/33 MP: 0/0
  1435 | D:2      | Reached XP level 5. HP: 35/38 MP: 0/0
  1435 | D:2      | Learned a level 2 spell: Wereblood
  1611 | D:2      | Found a glowing silver altar of Zin.
  2088 | D:2      | Bought a potion of heal wounds for 65 gold pieces
  2330 | D:3      | Slain by a hobgoblin

Illustrated notes

Levels and vault maps discovered:
D:1:      dpeg_arrival_ternary, layout_loops_corners
D:2:      layout_loops_cross, serial_shops, nicolae_shop_trees, basic_altar,
          mrwooster_statue_mirror, nrook_uturn
D:3:      layout_basic

Skill      XL: |  1  2  3  4  5 |
---------------+----------------+-----
Spellcasting   | 3 |  3.7
Conjurations   | 3 |  3.7
Hexes          | 3 |  3.7
Summonings     | 3 |  3.7
Necromancy     | 3 |  3.7
Translocations | 3 |  3.7
Transmutations | 3 |  3.7
Fire Magic     | 3 |  3.7
Ice Magic      | 3 |  3.7
Air Magic      | 3 |  3.7
Earth Magic    | 3 |  3.7
Poison Magic   | 3 |  3.7
Fighting       | 1 2 |  2.0
Stealth        | 2 |  2.5
Dodging        | 3 |  3.2

Action                     |  1- 3 |  4- 6 || total
---------------------------+-------+-------++-------
  Melee: Dagger            |    60 |    22 ||    82
         Unarmed           |       |     4 ||     4
         Tailslap          |       |     2 ||     2
         Bite              |       |     1 ||     1
   Cast: Magic Dart        |     4 |       ||     4
         Slow              |     3 |       ||     3
         Call Imp          |     6 |     3 ||     9
         Sandblast         |    13 |     5 ||    18
         Wereblood         |       |     2 ||     2
         Mephitic Cloud    |       |     1 ||     1
         Blink             |       |     1 ||     1
Ability: Breathe Fire      |       |     1 ||     1
    Use: Scroll            |     2 |       ||     2
         Potion            |       |     3 ||     3
   Stab: Sleeping          |     1 |       ||     1
 Armour: Robe              |    42 |    15 ||    57
         Skin              |       |    10 ||    10
  Dodge: Dodged            |    53 |    21 ||    74
   Form: Dragon            |       |     1 ||     1

Table legend: (Time is in decaauts)
 A = Elapsed time spent in this place.
 B = Non-inter-level travel time spent in this place.
 C = Inter-level travel time spent in this place.
 D = Time resting spent in this place.
 E = Time spent auto-exploring this place.
 F = Levels seen in this place.
 G = Mean time per level.
                   A        B        C        D        E       F      G
               +--------+--------+--------+--------+--------+-----+--------+
         Total |   2338 |   2208 |    130 |     94 |   1500 |   3 |  779.3 |
       Dungeon |   2338 |   2208 |    130 |     94 |   1500 |   3 |  779.3 |
               +--------+--------+--------+--------+--------+-----+--------+

Top non-repeatable levels by time:
     D:2: 1099 daAuts
     D:1: 1046 daAuts
     D:3: 193 daAuts
